 Dungeon Crawl Stone Soup version 0.21.1-1-g345015f (webtiles) character file.

643 Kagorn the Chopper (level 7, -17/43 HPs)
             Began as a Gargoyle Fighter on June 12, 2018.
             Demolished by an orc warrior
             ... wielding a +0 glaive
              (19 damage)
             ... on level 5 of the Dungeon.
             The game lasted 00:21:53 (3633 turns).

Kagorn the Chopper (Gargoyle Fighter)               Turns: 3633, Time: 00:21:53

Health: -17/43     AC: 11    Str: 21      XL:     7   Next: 51%
Magic:  8/8        EV:  7    Int:  7 (9)  God:
Gold:   211        SH:  9    Dex:  8 (9)  Spells: 6/6 levels left

rFire    . . .     SeeInvis .   a - +0 war axe
rCold    . . .     Gourm    .   c - +0 shield
rNeg     + . .     Faith    .   b - +0 scale mail
rPois    ∞         Spirit   .   (no helmet)
rElec    +         Reflect  .   (no cloak)
rCorr    .         Harm     .   (no gloves)
MR       +....                  (no boots)
Stlth    ..........             v - amulet of rage
HPRegen  0.14/turn              p - ring of protection from magic
MPRegen  0.11/turn              (no ring)

@: no status effects
A: negative energy resistance 1, electricity resistance, unbreathing,
petrification resistance, rot immunity, AC +4
a: Evoke Berserk Rage


You were on level 5 of the Dungeon.
You were not hungry.

You visited 1 branch of the dungeon, and saw 5 of its levels.

You collected 211 gold pieces.

Inventory:

Hand Weapons
 a - a +0 war axe (weapon)
 j - a +1 vampiric spear
 s - a +5 spear
 C - a +0 short sword of venom
Missiles
 q - 2 throwing nets (quivered)
Armour
 b - a +0 scale mail (worn)
 c - a +0 shield (worn)
Magical Staves
 z - an uncursed staff of earth
Jewellery
 p - a ring of protection from magic (left hand)
 t - an uncursed ring of flight {unknown}
 v - an amulet of rage (around neck)
Wands
 r - a wand of polymorph (15)
 y - a wand of acid (9)
 B - a wand of iceblast (4)
Scrolls
 e - a scroll of enchant weapon
 g - 2 scrolls of magic mapping
 k - a scroll of identify
 l - a scroll of teleportation {unknown}
 o - a scroll of enchant armour {unknown}
 u - 2 scrolls of remove curse
 x - a scroll of blinking
Potions
 d - a potion of might
 i - a potion of haste
 m - a potion of agility
Books
 n - a book of Cantrips

   Spells                             Type                      Level
   a - Confusing Touch                Hexes                        1
   b - Animate Skeleton               Necromancy                   1
   c - Summon Small Mammal            Summoning                    1
   d - Apportation                    Translocation                1
Comestibles
 f - 5 rations


   Skills:
 - Level 4.0 Fighting
 - Level 5.3 Axes
 + Level 2.7 Staves
 - Level 4.0 Armour
 - Level 4.0 Shields
 + Level 2.5 Evocations


You had 6 spell levels left.
You didn't know any spells.

Dungeon Overview and Level Annotations

Branches:
Dungeon (5/15)
 Temple: D:4-7

Altars:


Innate Abilities, Weirdness & Mutations

You are resistant to torment.
Your stone body is resilient. (AC +4)
You are immune to poison.
You resist negative energy. (rN+)
You are resistant to electric shocks. (rElec)
You can survive without breathing.
You are immune to petrification.
You are immune to rotting.


Message History

The adder zombie is moderately damaged.
The crimson imp sputters.
The adder zombie bites you.
* * * LOW HITPOINT WARNING * * *
You closely miss the adder zombie.
The adder zombie is moderately damaged.
The orc warrior barely misses you. The crimson imp barely misses you.
The adder zombie bites you but does no damage.
The crimson imp closely misses you.
The crimson imp blinks!
Wield which item (- for none, * to show all)? (? for menu, Esc to quit)
a - a +0 war axe (weapon)
The adder zombie bites you but does no damage.
The orc warrior hits you from afar with a glaive.
* * * LOW HITPOINT WARNING * * *
You completely miss the adder zombie.
The adder zombie is moderately damaged.
The adder zombie barely misses you.
The orc warrior hits you from afar with a glaive!!
You die...

. #...# ..#...# ########
......# #......#
......############.##...##
......)5...5..o.o..#8...8#
......###############...##
#.#.### ##8###⌠##...# # #.
##.....§.....## #
#8...@Z.5....8#
##.....o.....##
#...##⌠###8## ##...#### ##
#8...8# #.#####...##
#...).#...# #####...###
##...# ##


You could see an orc warrior, a crimson imp and an adder zombie.

Vanquished Creatures
  A sky beast (D:5)
  The ghost of inc the Conjurer, an amateur OpCj (D:3)
  3 orc priests
  6 orc wizards (D:4)
  A bullfrog skeleton (D:4)
  Jessica (D:2)
  Terence (D:2)
  A hound skeleton (D:4)
  5 adders
  An ooze (D:2)
  A worm (D:2)
  4 dart slugs
  3 leopard geckos (D:3)
  10 orcs
  4 bats
  4 giant cockroaches
  9 goblins
  8 hobgoblins
  4 jackals (D:1)
  A quokka (D:5)
  5 frilled lizards
  6 kobolds
  4 rats
84 creatures vanquished.

Notes
Turn   | Place    | Note
-------+----------+-------------------------------------------
     0 | D:1      | Kagorn the Gargoyle Fighter began the quest for the Orb.
     0 | D:1      | Reached XP level 1. HP: 14/14 MP: 1/1
    32 | D:1      | Reached skill level 2 in Axes
    79 | D:1      | Reached XP level 2. HP: 19/19 MP: 2/2
   890 | D:2      | Reached XP level 3. HP: 17/23 MP: 3/3
   891 | D:2      | Noticed Jessica
   912 | D:2      | Killed Jessica
   912 | D:2      | Reached XP level 4. HP: 8/29 MP: 4/4
  1146 | D:2      | Noticed Terence
  1160 | D:2      | Killed Terence
  1160 | D:2      | Reached skill level 3 in Axes
  1244 | D:2      | Reached XP level 5. HP: 33/33 MP: 5/5
  1669 | D:3      | Noticed inc's ghost (amateur OpCj)
  1692 | D:3      | Killed inc's ghost
  1692 | D:3      | Reached skill level 4 in Axes
  1955 | D:3      | Reached XP level 6. HP: 34/38 MP: 6/6
  2161 | D:3      | Reached skill level 5 in Axes
  3057 | D:4      | Reached skill level 1 in Staves
  3067 | D:4      | Reached skill level 1 in Evocations
  3067 | D:4      | Reached XP level 7. HP: 13/43 MP: 7/7
  3439 | D:5      | Entered Level 5 of the Dungeon
  3601 | D:5      | HP: 1/43 [orc warrior/glaive (3)]
  3632 | D:5      | HP: 2/43 [orc warrior/glaive (3)]
  3633 | D:5      | Demolished by an orc warrior

Skill      XL: |  1  2  3  4  5  6  7 |
---------------+----------------------+-----
Axes           | 2 3 4 5 |  5.3
Armour         | 4 |  4.0
Shields        | 4 |  4.0
Fighting       | 4 |  4.0
Staves         | 1 2 |  2.7
Evocations     | 1 2 |  2.5

Action                   |  1- 3 |  4- 6 |  7- 9 || total
-------------------------+-------+-------+-------++-------
Melee: War axe           |    83 |   204 |     7 ||   294
       Staff             |       |    19 |    91 ||   110
  Use: Potion            |     1 |     7 |     1 ||     9
       Scroll            |       |    10 |       ||    10
  Eat: Ration            |       |     2 |     1 ||     3
       Chunk             |       |     2 |       ||     2
Armor: Scale mail        |    77 |   148 |    58 ||   283
Dodge: Dodged            |    44 |    86 |    25 ||   155
Block: Shield            |    48 |   128 |    41 ||   217
